 Dungeon Crawl Stone Soup version 0.32-a0-886-g41c5271027 (webtiles) character file.

Game seed: 17015465159556904152

21 Heh the Charlatan (level 2, -1/23 HPs)
             Began as a Coglin Artificer on Apr 3, 2024.
             Slain by a kobold
             ... wielding a +0 club
              (4 damage)
             ... on level 2 of the Dungeon.
             The game lasted 00:01:18 (847 turns).

Heh the Charlatan (Coglin Artificer)                 Turns: 847, Time: 00:01:18

Health: -1/23      AC:  3    Str: 12    XL:     2   Next: 87%
Magic:  2/2        EV: 10    Int: 10    God:
Gold:   112        SH:  0    Dex: 14    Spells: 1/1 levels left

rFire   . . .        k - +0 battleaxe {Miranda}
rCold   . . .        (shield currently unavailable)
rNeg    . . .        b - +0 leather armour
rPois   .            (no helmet)
rElec   .            (no cloak)
rCorr   .            (no gloves)
SInv    .            (no boots)
Will    .....        (amulet unavailable)
Stlth   +            (ring unavailable)
HPRegen 0.23/turn    (ring unavailable)
MPRegen 0.08/turn    (no gizmo)

%: no passive effects
@: lethally poisoned (-1 -> -5), revved
A: off-hand wielding, slow wielding, warmup strikes, no jewellery
a: Invent Gizmo


You were on level 2 of the Dungeon.
You visited 1 branch of the dungeon, and saw 2 of its levels.

You collected 112 gold pieces.

Inventory:

Hand Weapons
 a - a +0 club {Bunsong}
 f - a +0 dagger {Kai}
 h - a +0 rapier {Surin}
 k - a +0 battleaxe (weapon) {Miranda}
Armour
 b - a +0 leather armour (worn)
Wands
 c - a wand of flame (15) (quivered)
 d - a wand of charming (15)
 e - a wand of iceblast (5)
Scrolls
 i - a scroll of poison {unknown}
 m - a scroll of noise {unknown}
 n - a scroll of vulnerability {unknown}
Potions
 g - a potion of heal wounds {unknown}
 j - a potion of magic {unknown}
 l - a potion of lignification {unknown}


   Skills:
 + Level 2.6 Fighting
 + Level 0.4 Axes
 - Level 1.7 Armour
 - Level 0.8 Dodging
 - Level 0.7 Stealth
 - Level 4.0 Evocations


You had one spell level left.
You didn't know any spells.
Your spell library contained the following spells:

 Spells                   Type           Power      Damage    Failure   Level
 Slow                     Hex            0%         N/A       43%         1
 Confusing Touch          Hex            0%         N/A       82%         3
 Vampiric Draining        Necr           0%         2d6       82%         3


Dungeon Overview and Level Annotations

Branches:
Dungeon (2/15)

Altars:


Innate Abilities, Weirdness & Mutations

You can wield a second weapon in your off-hand.
It takes a long time for you to wield or remove held weapons.
Your first few attacks do less damage.
You cannot equip rings or amulets.


Message History

You are too injured to fight recklessly!
You are too injured to fight recklessly!
You are too injured to fight recklessly!
You are too injured to fight recklessly!
You are too injured to fight recklessly!
You are too injured to fight recklessly!
You are too injured to fight recklessly!
You are too injured to fight recklessly!
You are too injured to fight recklessly!
You are too injured to fight recklessly!
You are too injured to fight recklessly!
You closely miss the kobold.
The kobold is moderately wounded.
The kobold closely misses you. The adder closely misses you.
The kobold closely misses you. The adder bites you but does no damage.
You closely miss the adder. You barely miss the kobold.
The kobold hits you with a +0 club. The adder misses you.
The kobold hits you but does no damage. The adder closely misses you.
You miss the adder. You closely miss the kobold. The adder barely misses you.
The kobold barely misses you. The adder closely misses you.
You hit the adder.
The adder is moderately wounded.
You miss the kobold. The kobold misses you. The adder bites you.
The kobold hits you but does no damage. The adder closely misses you.
You barely miss the adder.
The adder is moderately wounded.
You barely miss the kobold. The adder bites you but does no damage.
The kobold barely misses you. The adder bites you but does no damage.
The kobold hits you but does no damage.
You closely miss the kobold. You barely miss the adder. The adder bites you.
You are poisoned.
The adder poisons you! The kobold hits you but does no damage.
The adder bites you. The kobold hits you with a +0 club.
* * * LOW HITPOINT WARNING * * *
You barely miss the kobold. You closely miss the adder.
* * * LOW HITPOINT WARNING * * *
You feel sick. The adder bites you.
* * * LOW HITPOINT WARNING * * *
The adder bites you but does no damage. The kobold hits you with a +0 club.
You die...

######.##.#.#.
.......##
#.........#.#.
........#
#.#.......#.#.
........#
#.#..#....#.#.
........#
#.#..#.#..#.#.
........#
#.#.......#.#.
........#
#.#..####.#
........###.#..#
.#
.......@....#...
.# .##...SK.####
#........
#......###
#......#
#......#
#......#
.......#


You could see an adder and a kobold.

Vanquished Creatures
  A ribbon worm (D:2)
  2 ball pythons (D:2)
  3 bats (D:1)
  2 endoplasms
  2 hobgoblins
  3 frilled lizards
  3 goblins (D:1)
  3 rats
19 creatures vanquished.

Notes
Turn   | Place    | Note
-------+----------+-------------------------------------------
     0 | D:1      | Heh the Coglin Artificer began the quest for the Orb.
     0 | D:1      | Reached XP level 1. HP: 15/15 MP: 1/1
   188 | D:1      | Found a faded altar of an unknown god.
   250 | D:1      | Reached XP level 2. HP: 22/22 MP: 2/2
   847 | D:2      | Slain by a kobold

Illustrated notes

Levels and vault maps discovered:
D:1:      amcnicky_arrival_abandoned_market, layout_basic,
          dreamdust_ecumenical_altar_angels_and_demons,
          hangedman_abyss_or_decor_stabs
D:2:      layout_basic

Skill      XL: |  1 |
---------------+----+-----
Fighting       | 2 |  2.6
Axes           | |  0.4
Armour         | |  1.7
Dodging        | |  0.8
Stealth        | |  0.7
Evocations     | |  4.0

Action                     || total
---------------------------++-------
  Melee: Dagger            ||    21
         Rapier            ||    21
         Club              ||     2
         Battleaxe         ||    28
 Armour: Leather armour    ||    42
  Dodge: Dodged            ||    43

Table legend: (Time is in decaauts)
 A = Elapsed time spent in this place.
 B = Non-inter-level travel time spent in this place.
 C = Inter-level travel time spent in this place.
 D = Time resting spent in this place.
 E = Time spent auto-exploring this place.
 F = Levels seen in this place.
 G = Mean time per level.
                   A        B        C        D        E       F      G
               +--------+--------+--------+--------+--------+-----+--------+
         Total |    867 |    844 |     23 |      0 |    641 |   2 |  433.5 |
       Dungeon |    867 |    844 |     23 |      0 |    641 |   2 |  433.5 |
               +--------+--------+--------+--------+--------+-----+--------+

Top non-repeatable levels by time:
     D:1: 592 daAuts
     D:2: 275 daAuts
